 Dungeon Crawl Stone Soup version 0.29.1-13-g9f3cf754e1 (webtiles) character file.

Game seed: 8379760429842803267

249 cdecastro the Chopper (level 5, -3/43 HPs)
             Began as a Palentonga Fighter on Jan 29, 2023.
             Was an Initiate of Ru.
             Slain by a gnoll bouda
             ... wielding a +0 whip
              (4 damage)
             ... on level 4 of the Dungeon on Jan 30, 2023.
             The game lasted 00:06:01 (3375 turns).

cdecastro the Chopper (Palentonga Fighter)          Turns: 3375, Time: 00:06:02

Health: -3/43      AC: 10    Str: 23    XL:     5   Next: 87%
Magic:  5/5        EV:  4    Int:  8    God:    Ru [......]
Gold:   180        SH:  0    Dex: 10    Spells: 4/4 levels left

rFire   . . .      SeeInvis +   a - +0 war axe
rCold   . . .      Faith    .   (no shield)
rNeg    . . .      Spirit   .   j - +0 plate armour
rPois   .          Reflect  .   (no helmet)
rElec   .          Harm     .   A - +0 cloak
rCorr   .          Rampage  .   (no gloves)
Will    .....                   (no barding)
Stlth   ..........              (no amulet)
HPRegen 0.14/turn               (no ring)
MPRegen 0.09/turn               (no ring)

@: no status effects
A: large, rugged brown scales 3, see invisible, deformed body, roll 1, armoured
tail
a: Rolling Charge, Renounce Religion


You were on level 4 of the Dungeon.
You worshipped Ru.
Ru was noncommittal.
You visited 1 branch of the dungeon, and saw 4 of its levels.

You collected 180 gold pieces.

Inventory:

Hand Weapons
 a - a +0 war axe (weapon)
 B - a +0 antimagic spear
 C - a +2 halberd of flaming
Missiles
 v - 5 poisoned darts
 D - 5 curare-tipped darts
 E - 4 javelins
Armour
 b - a +0 scale mail
 c - a +0 buckler
 j - a +0 plate armour (worn)
 A - a +0 cloak (worn)
Jewellery
 w - an amulet of regeneration
Scrolls
 g - 7 scrolls of identify {unknown}
 i - a scroll of summoning {unknown}
 k - a scroll of torment {unknown}
 l - a scroll of noise {unknown}
 m - 3 scrolls of teleportation {unknown}
 n - a scroll of immolation {unknown}
 r - a scroll of amnesia {unknown}
 s - a scroll of vulnerability {unknown}
 t - a scroll of brand weapon {unknown}
 u - a scroll of poison {unknown}
 x - a scroll of blinking {unknown}
 y - a scroll of fear {unknown}
Potions
 d - 2 potions of might
 e - 5 potions of curing {unknown}
 f - 2 potions of flight {unknown}
 h - 2 potions of attraction {unknown}
 o - a potion of mutation {unknown}
 p - 2 potions of haste {unknown}
 q - a potion of invisibility {unknown}
 z - 2 potions of brilliance {unknown}


   Skills:
 - Level 3.0 Fighting
 + Level 6.2 Axes
 - Level 2.4 Armour
 - Level 2.6 Shields


You had 4 spell levels left.
You didn't know any spells.
Your spell library was empty.

Dungeon Overview and Level Annotations

Branches:
Dungeon (4/15)
 Temple: D:4-7

Altars:
Ru

Shops:
D:1 *   D:3 =

Annotations:
D:3 3 runed translucent doors, tehphobia's ghost, amateur DsNe


Innate Abilities, Weirdness & Mutations

You are completely covered in rugged brown scales. (AC +3, +7% HP)
You have supernaturally acute eyesight. (SInv)
Armour fits poorly on your strangely shaped body.
You can roll at nearby foes to attack.
You have a long armoured tail.


Message History

The gnoll bouda calls upon its god to heal the gnoll.
The gnoll is healed somewhat.
You hit the gnoll.
The gnoll is heavily wounded.
The gnoll barely misses you.
You hit the gnoll bouda but do no damage.
The gnoll hits you from afar with a +0 spear.
The gnoll bouda calls upon its god to heal the gnoll.
The gnoll is healed somewhat.
You barely miss the gnoll bouda.
Your attacks no longer feel as feeble.
The gnoll hits you from afar with a +0 spear!
The gnoll bouda hits you with a +0 whip.
You completely miss the gnoll bouda. You tail-slap the gnoll bouda.
The gnoll bouda is moderately wounded.
The gnoll hits you from afar with a +0 spear.
The gnoll bouda hits you with a +0 whip!
* * * LOW HITPOINT WARNING * * *
The gnoll hits you from afar with a +0 spear.
* * * LOW HITPOINT WARNING * * *
You closely miss the gnoll bouda.
The gnoll bouda is moderately wounded.
The gnoll bouda hits you but does no damage.
The gnoll hits you but does no damage.
You completely miss the gnoll bouda.
You tail-slap the gnoll bouda, but do no damage.
The gnoll bouda is moderately wounded.
The gnoll bouda hits you but does no damage.
The gnoll hits you from afar with a +0 spear.
* * * LOW HITPOINT WARNING * * *
You hit the gnoll bouda but do no damage.
The gnoll bouda is moderately wounded.
The gnoll bouda hits you with a +0 whip!
* * * LOW HITPOINT WARNING * * *
The gnoll hits you from afar with a +0 spear.
* * * LOW HITPOINT WARNING * * *
You barely miss the gnoll bouda.
The gnoll bouda is moderately wounded.
The gnoll bouda hits you with a +0 whip.
You die...

#.# #.# #g# #g#
################g#
#..............#g#
#.######.#####.#g#
#.##.........#.#@##########
#.##.###.###.#.#.##.......#
....)....# #.#....#.#####.##
..##.##.<###........รท.......
..................#.#####..#
.##..##.########.##...
.#.#.##.# #.###### .##.###.#
#.# .##..##.### ##'##


You could see a gnoll bouda, 3 gnolls and a goblin.

Vanquished Creatures
  A hound (D:4)
  2 iguanas
  6 gnolls
  2 adders (D:2)
  4 dart slugs
  A worm (D:3)
  4 orcs
  5 endoplasms
  A giant cockroach (D:1)
  6 goblins
  6 hobgoblins
  5 jackals (D:1)
  7 kobolds
  A quokka (D:1)
  11 ball pythons
  8 bats
  3 frilled lizards
  4 rats
77 creatures vanquished.

Vanquished Creatures (others)
  2 fungi (D:3)
  2 plants (D:3)
4 creatures vanquished.

Grand Total: 81 creatures vanquished

Notes
Turn   | Place    | Note
-------+----------+-------------------------------------------
     0 | D:1      | cdecastro the Palentonga Fighter began the quest for the
                  | Orb.
     0 | D:1      | Reached XP level 1. HP: 19/19 MP: 1/1
   149 | D:1      | Reached XP level 2. HP: 25/25 MP: 2/2
   247 | D:1      | Reached skill level 3 in Axes
   601 | D:1      | Reached XP level 3. HP: 31/31 MP: 3/3
   700 | D:1      | Found Xehin's Assorted Antiques.
   896 | D:2      | Reached skill level 4 in Axes
  1041 | D:2      | Reached XP level 4. HP: 31/37 MP: 4/4
  1510 | D:2      | You fall into a shaft and drop 1 floor!
  1567 | D:3      | Found a runed translucent gate.
  1569 | D:3      | Found a runed translucent gate.
  1571 | D:3      | Noticed tehphobia's ghost (amateur DsNe)
  1806 | D:3      | Noticed a kobold brigand
  1907 | D:3      | Reached skill level 5 in Axes
  1960 | D:3      | Found a sacrificial altar of Ru.
  2066 | D:3      | Became a worshipper of Ru the Awakened
  2274 | D:3      | Found Uneo's Jewellery Shoppe.
  2291 | D:3      | Reached XP level 5. HP: 43/43 MP: 5/5
  2291 | D:3      | Found a runed translucent gate.
  2743 | D:4      | Noticed an ogre
  2874 | D:4      | Reached skill level 6 in Axes
  3374 | D:4      | HP: 1/43 [gnoll/+0 spear[a gnoll bouda] (5)]
  3375 | D:4      | Slain by a gnoll bouda

Illustrated notes

Levels and vault maps discovered:
D:1:      minmay_arrival_loop, layout_basic, serial_shops, shop, nrook_uturn,
          chequers_garden
D:2:      layout_loops_ring
D:3:      layout_rooms, nicolae_ru_sacrificial_ziggurat,
          gammafunk_ghost_nasty_kobolds, serial_shops, shop
D:4:      layout_loops_corners, lemuel_round_altar,
          minmay_misc_feat_four_crosses, uniq_blork_the_orc

Skill      XL: |  1  2  3  4  5 |
---------------+----------------+-----
Axes           | 3 4 5 6 |  6.2
Fighting       | |  3.0
Armour         | |  2.4
Shields        | |  2.6

Action                   |  1- 3 |  4- 6 || total
-------------------------+-------+-------++-------
Melee: War axe           |   108 |   104 ||   212
       Tailslap          |    11 |     9 ||    20
       Punch             |       |     1 ||     1
Armor: Scale mail        |    39 |       ||    39
       Plate armour      |    44 |    73 ||   117
Dodge: Dodged            |    39 |    20 ||    59
Block: Buckler           |     1 |       ||     1
